 Dungeon Crawl Stone Soup version 0.27-a0-1334-g2746e35aca (webtiles) character file.

Game seed: 120898977310352161

10300 Gargoyl the Fighter (level 11, -3/89 HPs)
             Began as a Gnoll Abyssal Knight on June 26, 2021.
             Was an Elder of Lugonu.
             Shot with a sling bullet by Joseph (17 damage)
             ... on level 1 of the Lair of Beasts.
             The game lasted 00:14:43 (12300 turns).

Gargoyl the Fighter (Gnoll Abyssal Knight)         Turns: 12300, Time: 00:14:45

Health: -3/89      AC: 15    Str: 19    XL:     11   Next: 60%
Magic:  20/20      EV: 12    Int: 11    God:    Lugonu [****..]
Gold:   580        SH:  0    Dex: 12    Spells: 22/22 levels left

rFire    . . .     SeeInvis .   E - +5 battleaxe "Balaeg" {vorpal, *Noise rPois rN+ Str+4}
rCold    . . .     Faith    .   (shield currently unavailable)
rNeg     + + +     Spirit   .   i - +0 scale mail
rPois    +         Reflect  .   u - +1 helmet
rElec    .         Harm     .   t - +1 cloak {Stlth+}
rCorr    .         Rampage  +   (no gloves)
Will     .....                  d - +1 pair of boots {rampage}
Stlth    +++.......             c - amulet of the acrobat
HPRegen  0.24/turn              h - ring of positive energy
MPRegen  0.17/turn              e - ring of positive energy

@: no status effects
A: fangs 1, strong nose, distributed training
a: Renounce Religion, Depart the Abyss, Bend Space, Banish, Corrupt


You were on level 1 of the Lair of Beasts.
You worshipped Lugonu.
Lugonu was greatly pleased with you.
You visited 2 branches of the dungeon, and saw 10 of its levels.
You visited the Abyss 1 time.

You collected 580 gold pieces.

Inventory:

Hand Weapons
 a - a +2 hand axe
 D - a +4 scimitar of flaming
 E - the +5 battleaxe "Balaeg" (weapon) {vorpal, *Noise rPois rN+ Str+4}
   (You found it on level 9 of the Dungeon)

   It inflicts extra damage upon your enemies.
   It affects your strength (+4).
   It protects you from poison.
   It protects you from negative energy.
   It may make noises in combat.
 F - a +4 hand axe
Missiles
 b - 4 curare-tipped darts (quivered)
Armour
 d - a +1 pair of boots of rampaging (worn)
 i - a +0 scale mail (worn)
 t - a +1 cloak of stealth (worn)
 u - a +1 helmet (worn)
Jewellery
 c - an amulet of the acrobat (around neck)
 e - a ring of positive energy (right hand)
 h - a ring of positive energy (left hand)
Wands
 x - a wand of acid (3)
 y - a wand of paralysis (18)
 G - a wand of iceblast (3)
Scrolls
 l - 3 scrolls of blinking
 m - 5 scrolls of teleportation
 p - a scroll of vulnerability {unknown}
 r - a scroll of holy word {unknown}
 v - a scroll of fog
 z - 5 scrolls of identify
 B - a scroll of summoning {unknown}
Potions
 f - 4 potions of haste
 g - 2 potions of berserk rage
 j - 4 potions of lignification
 k - a potion of flight
 n - 2 potions of brilliance
 o - a potion of magic {unknown}
 q - a potion of curing
 s - 2 potions of resistance {unknown}
 w - a potion of mutation {unknown}
 C - a potion of cancellation {unknown}


   Skills:
 + Level 9.3 Fighting
 + Level 6.4 Short Blades
 + Level 6.4 Long Blades
 + Level 8.0 Axes
 + Level 6.4 Maces & Flails
 + Level 6.4 Polearms
 + Level 6.4 Staves
 + Level 6.4 Slings
 + Level 6.4 Bows
 + Level 6.4 Crossbows
 + Level 6.4 Throwing
 + Level 8.0 Armour
 + Level 7.0 Dodging
 + Level 6.4 Stealth
 + Level 6.4 Shields
 + Level 6.4 Unarmed Combat
 + Level 6.4 Spellcasting
 + Level 5.3 Conjurations
 + Level 5.3 Hexes
 + Level 5.3 Summonings
 + Level 5.3 Necromancy
 + Level 5.3 Translocations
 + Level 5.3 Transmutations
 + Level 5.3 Fire Magic
 + Level 5.3 Ice Magic
 + Level 5.3 Air Magic
 + Level 5.3 Earth Magic
 + Level 5.3 Poison Magic
 + Level 8.5 Invocations
 + Level 6.4 Evocations


You had 22 spell levels left.
You didn't know any spells.
Your spell library contained the following spells:

 Spells                   Type           Power      Damage    Failure   Level
 Animate Skeleton         Necr           30%        N/A       5%          1
 Apportation              Tloc           30%        N/A       5%          1
 Corona                   Hex            16%        N/A       5%          1
 Magic Dart               Conj           60%        1d6       5%          1
 Summon Small Mammal      Summ           60%        N/A       5%          1
 Searing Ray              Conj           30%        3d4       9%          2
 Dazzling Flash           Conj/Hex       30%        N/A       16%         3
 Animate Armour           Summ/Erth      30%        N/A       47%         4
 Fulminant Prism          Conj/Hex       7%         3d7       47%         4
 Iskenderun's Mystic Bla  Conj/Tloc      15%        2d5       47%         4
 Leda's Liquefaction      Hex/Erth       7%         N/A       47%         4
 Bolt of Magma            Conj/Fire/Erth 7%         4d6       83%         5
 Iron Shot                Conj/Erth      7%         9d2       100%        6
 Statue Form              Tmut/Erth      10%        N/A       100%        6
 Shatter                  Erth           7%         3d10*     100%        9


Dungeon Overview and Level Annotations

Branches:
Dungeon (9/15)             Temple (0/1) D:4            Lair (1/6) D:9
    Orc: D:9-12

Altars:
Cheibriados
Fedhas
Hepliaklqana
Nemelex Xobeh
Trog
Vehumet
Wu Jian
Zin

Shops:
D:2 (::   D:3 *   D:4 (   D:9 *

Annotations:
Lair:1 Joseph


Innate Abilities, Weirdness & Mutations

You have very sharp teeth.
Your uncanny sense of smell can sniff out nearby items.
Your experience applies equally to all skills.


Message History

You slash the blink frog! You miss the blink frog.
The blink frog hits you but does no damage.
The blink frog closely misses you.
The blink frog blinks!
Unknown command.
You slice the blink frog!! Your bite misses the blink frog.
The blink frog is almost dead.
You completely miss the blink frog. You slash the blink frog!
The blink frog blinks! x2; The blink frog misses you.
The blink frog hits you but does no damage.
The blink frog blinks!
Joseph unwields a +2 spectral quarterstaff.
Joseph wields a +0 hunting sling.
Joseph shoots a sling bullet.
The sling bullet hits you! The blink frog completely misses you.
The blink frog blinks! x2
The blink frog hits you!
* * * LOW HITPOINT WARNING * * *
There is an open door, spattered with blood here.
Unknown command.
Joseph unwields a +0 hunting sling.
Joseph wields a +2 spectral quarterstaff.
Joseph misses you.
The blink frog blinks!
You miss the blink frog. You bite the blink frog.
The blink frog is almost dead.
You closely miss the blink frog. You hit Joseph.
The blink frog completely misses you. The blink frog hits you!
* * * LOW HITPOINT WARNING * * *
Joseph hits you but does no damage. The blink frog hits you.
* * * LOW HITPOINT WARNING * * *
The blink frog blinks!
The blink frog closely misses you.
You feel better.
The blink frog blinks!
The blink frog closely misses you.
Joseph hits you with a +2 spectral quarterstaff.
* * * LOW HITPOINT WARNING * * *
The blink frog hits you but does no damage.
Blink to where?
Press: ? - help, Dir - move target
As you read the scroll of blinking, it crumbles to dust.
Joseph unwields a +2 spectral quarterstaff.
Joseph wields a +0 hunting sling.
Joseph shoots a sling bullet.
The sling bullet hits you!
You die...

+. .8......>.8##..........### #.
...........##..........# # .8.
#.##.#..##.8.##...........#
#.####..F..###.###............##
...##.##F####..................##
...###...@.##..#..#...........P#.
...##.#..F.....P.................
...#..#...#...÷÷...#.............
..###.#.8...#.÷.@......########..
..........#....÷...#...## #..
####......#....#...#....# #.. #
###.....##......#...## #.# #
.##..'#........#....# #.# ##
##...#@..............# #.# .#
#P..###.....#.......###### #"# ##
#..# #......+###...##.#.###.# ##
#..# #....................?..


You could see Joseph and a blink frog.

Vanquished Creatures
  Erica (D:8)
  A two-headed ogre (D:8)
  Maggie (D:7)
  A rime drake (Lair:1)
  2 komodo dragons (Lair:1)
  Grinder (D:3)
  9 yaks
  5 wyverns
  A steam dragon (D:7)
  A basilisk (D:9)
  Menkaure (D:7)
  7 water moccasins
  A sky beast (D:6)
  A hornet zombie (D:6)
  2 black bears
  6 wolves
  3 necrophages
  4 ogres
  4 centaurs
  2 phantoms
  2 kobold brigands (D:5)
  3 bullfrogs
  A scorpion (D:6)
  2 wyvern zombies
  A gnoll sergeant (D:7)
  3 jellies
  4 wights (D:9)
  3 killer bees (D:7)
  3 howler monkeys
  3 centaur zombies
  A bullfrog zombie (D:5)
  4 hounds
  5 lava snakes (D:9)
  2 centaur skeletons (D:7)
  A gnoll shaman (D:6)
  An orc priest (D:9)
  Crazy Yiuf (D:3)
  Terence (D:3)
  3 bullfrog skeletons
  2 iguanas
  An orc wizard (D:9)
  2 hound skeletons (D:4)
  11 adders
  9 gnolls
  A howler monkey skeleton (D:7)
  A white imp (D:5)
  A worm (D:2)
  4 dart slugs
  14 orcs
  5 ball pythons
  2 bats
  3 endoplasms
  3 giant cockroaches
  2 goblins
  3 hobgoblins (D:2)
  12 jackals
  4 quokkas
  2 frilled lizards
  9 kobolds
  4 rats
193 creatures vanquished.

Vanquished Creatures (others)
  5 fungi
  26 plants
31 creatures vanquished.

Grand Total: 224 creatures vanquished

Notes
Turn   | Place    | Note
-------+----------+-------------------------------------------
     0 | Abyss:1  | Gargoyl the Gnoll Abyssal Knight began the quest for the
                  | Orb.
     0 | Abyss:1  | Reached XP level 1. HP: 23/23 MP: 3/3
   121 | Abyss:2  | Noticed a small abomination
   121 | Abyss:2  | Noticed a thrashing horror
   124 | Abyss:2  | Noticed a wretched star
   125 | D:1      | Escaped the Abyss
   218 | D:1      | Reached * piety under Lugonu
   305 | D:1      | Reached XP level 2. HP: 29/29 MP: 5/5
   315 | D:1      | Found a faded altar of an unknown god.
   774 | D:2      | Found Daefag's Weapon Emporium.
   777 | D:2      | Reached XP level 3. HP: 35/35 MP: 6/6
  1035 | D:2      | Found Oxtyhyx's Book Emporium.
  1152 | D:2      | Identified a scroll of acquirement
  1152 | D:2      | Acquired a +1 pair of boots of rampaging
  1536 | D:2      | Found Kyplyatt's Book Boutique.
  1586 | D:3      | Reached skill level 1 in Short Blades
  1586 | D:3      | Reached skill level 1 in Long Blades
  1586 | D:3      | Reached skill level 1 in Maces & Flails
  1586 | D:3      | Reached skill level 1 in Polearms
  1586 | D:3      | Reached skill level 1 in Staves
  1586 | D:3      | Reached skill level 1 in Slings
  1586 | D:3      | Reached skill level 1 in Bows
  1586 | D:3      | Reached skill level 1 in Crossbows
  1586 | D:3      | Reached skill level 1 in Throwing
  1586 | D:3      | Reached skill level 1 in Stealth
  1586 | D:3      | Reached skill level 1 in Shields
  1586 | D:3      | Reached skill level 1 in Unarmed Combat
  1586 | D:3      | Reached skill level 1 in Spellcasting
  1586 | D:3      | Reached skill level 1 in Evocations
  1694 | D:3      | Reached XP level 4. HP: 31/41 MP: 7/7
  1842 | D:3      | Found an ornate altar of the Wu Jian Council.
  2092 | D:3      | Found a glowing silver altar of Zin.
  2114 | D:3      | Found a blossoming altar of Fedhas.
  2123 | D:3      | You fall into a shaft and drop 1 floor!
  2126 | D:4      | Noticed a phantom
  2226 | D:4      | Reached skill level 1 in Conjurations
  2226 | D:4      | Reached skill level 1 in Hexes
  2226 | D:4      | Reached skill level 1 in Summonings
  2226 | D:4      | Reached skill level 1 in Necromancy
  2226 | D:4      | Reached skill level 1 in Translocations
  2226 | D:4      | Reached skill level 1 in Transmutations
  2226 | D:4      | Reached skill level 1 in Fire Magic
  2226 | D:4      | Reached skill level 1 in Ice Magic
  2226 | D:4      | Reached skill level 1 in Air Magic
  2226 | D:4      | Reached skill level 1 in Earth Magic
  2226 | D:4      | Reached skill level 1 in Poison Magic
  2246 | D:4      | Reached ** piety under Lugonu
  2247 | D:4      | Reached XP level 5. HP: 43/47 MP: 8/8
  2323 | D:4      | Noticed a necrophage
  2339 | D:4      | Noticed an ogre
  2341 | D:4      | Killed a necrophage
  2342 | D:4      | Reached skill level 5 in Invocations
  2342 | D:4      | Reached XP level 6. HP: 20/53 MP: 9/9
  2364 | D:4      | Reached skill level 5 in Axes
  2364 | D:4      | Reached skill level 5 in Armour
  2490 | D:4      | Reached XP level 7. HP: 8/59 MP: 10/10
  3043 | D:4      | Found Xoafea's Weapon Shop.
  3254 | D:4      | Found a staircase to the Ecumenical Temple.
  3435 | D:3      | Found Zaefod's Assorted Antiques.
  3520 | D:3      | Noticed Terence
  3537 | D:3      | Killed Terence
  3538 | D:3      | Reached skill level 7 in Fighting
  3905 | D:3      | Found a hazy altar of Hepliaklqana.
  3905 | D:3      | Found a faded altar of an unknown god.
  4107 | D:3      | Found a faded altar of an unknown god.
  4109 | D:3      | Found a bloodstained altar of Trog.
  4111 | D:3      | Found a radiant altar of Vehumet.
  4141 | D:3      | Noticed Grinder
  4144 | D:3      | Paralysed by Grinder for 3 turns
  4176 | D:3      | Paralysed by Grinder for 6 turns
  4193 | D:3      | Paralysed by Grinder for 2 turns
  4200 | D:3      | Killed Grinder
  4449 | D:3      | Found a runed translucent door.
  4450 | D:3      | Noticed Crazy Yiuf
  4802 | D:3      | Killed Crazy Yiuf
  5037 | D:5      | Entered Level 5 of the Dungeon
  5085 | D:5      | Reached XP level 8. HP: 50/67 MP: 12/12
  5623 | D:5      | Reached *** piety under Lugonu
  6105 | D:6      | Reached XP level 9. HP: 42/72 MP: 14/14
  6848 | D:6      | Found a sparkling altar of Nemelex Xobeh.
  7023 | D:6      | Noticed a boulder beetle
  7038 | D:6      | Banished a boulder beetle
  7039 | D:6      | Reached skill level 8 in Fighting
  7039 | D:6      | Reached skill level 5 in Dodging
  7604 | D:7      | Noticed Menkaure
  7614 | D:7      | Killed Menkaure
  7782 | D:7      | Reached XP level 10. HP: 80/80 MP: 17/17
  7984 | D:7      | Reached skill level 5 in Short Blades
  7984 | D:7      | Reached skill level 5 in Long Blades
  7984 | D:7      | Reached skill level 5 in Maces & Flails
  7984 | D:7      | Reached skill level 5 in Polearms
  7984 | D:7      | Reached skill level 5 in Staves
  7984 | D:7      | Reached skill level 5 in Slings
  7984 | D:7      | Reached skill level 5 in Bows
  7984 | D:7      | Reached skill level 5 in Crossbows
  7984 | D:7      | Reached skill level 5 in Throwing
  7984 | D:7      | Reached skill level 5 in Stealth
  7984 | D:7      | Reached skill level 5 in Shields
  7984 | D:7      | Reached skill level 5 in Unarmed Combat
  7984 | D:7      | Reached skill level 5 in Spellcasting
  7984 | D:7      | Reached skill level 5 in Evocations
  8107 | D:7      | Noticed Maggie
  8123 | D:7      | Killed Maggie
  8642 | D:7      | Found a snail-covered altar of Cheibriados.
  8844 | D:7      | Reached **** piety under Lugonu
  9394 | D:8      | Noticed a two-headed ogre
  9405 | D:8      | Killed a two-headed ogre
  9679 | D:8      | Noticed Erica
  9690 | D:8      | Killed Erica
 10079 | D:9      | Found Sumam's Lightly-Used Armoury.
 10176 | D:9      | Identified the +5 battleaxe "Balaeg" {vorpal, *Noise rPois
                  | rN+ Str+4}
 10368 | D:9      | Reached XP level 11. HP: 44/87 MP: 19/19
 10379 | D:9      | Reached skill level 9 in Fighting
 10422 | D:9      | Reached skill level 5 in Conjurations
 10422 | D:9      | Reached skill level 5 in Hexes
 10422 | D:9      | Reached skill level 5 in Summonings
 10422 | D:9      | Reached skill level 5 in Necromancy
 10422 | D:9      | Reached skill level 5 in Translocations
 10422 | D:9      | Reached skill level 5 in Transmutations
 10422 | D:9      | Reached skill level 5 in Fire Magic
 10422 | D:9      | Reached skill level 5 in Ice Magic
 10422 | D:9      | Reached skill level 5 in Air Magic
 10422 | D:9      | Reached skill level 5 in Earth Magic
 10422 | D:9      | Reached skill level 5 in Poison Magic
 10730 | D:9      | Found a staircase to the Lair.
 11542 | Lair:1   | Entered Level 1 of the Lair of Beasts
 12256 | Lair:1   | Identified the +4 chain mail of Devotion {Will+}
 12256 | Lair:1   | Noticed Joseph
 12300 | Lair:1   | Shot with a sling bullet by Joseph

Illustrated notes

Levels and vault maps discovered:
D:1:      psy_arrival_dodecagon, layout_basic,
          shapermc_ecumenical_altar_notcrosses
D:2:      layout_loops_ring, serial_shops, nicolae_shop_crystal, shop,
          nicolae_shop_crystal, wander_ebering_terrifying_dragon_lair
D:3:      layout_basic, fedhas_altar_2, zin_statuary,
          pdpol_wu_jian_five_deadly_venoms, chequers_temple_overflow_minitemple,
          serial_shops, nicolae_shop_overgrown_old_shop, uniq_terence,
          uniq_crazy_yiuf_cottage, uniq_grinder
D:4:      layout_rooms, minmay_temple_entry_grid, serial_shops, shop,
          minmay_bent
D:5:      cheibrodos_thug_alley, layout_basic
D:6:      layout_basic, nemelex_diamond_rough_becter
D:7:      layout_basic, cheibrodos_worm_habitat, minmay_increasing_density,
          uniq_maggie, uniq_menkaure
D:8:      layout_gridville, uniq_erica
D:9:      layout_rooms, minmay_lair_entry_grove, minmay_shop_damaged,
          minmay_hedge_maze, kennysheep_boxes
Lair:1:   layout_chaotic_city, minivault_19, grunt_megastairs_1, uniq_harold,
          uniq_joseph

Skill      XL: |  1  2  3  4  5  6  7  8  9 10 11 |
---------------+----------------------------------+-----
Short Blades   | 1 2 3 4 5 6 |  6.4
Long Blades    | 1 2 3 4 5 6 |  6.4
Maces & Flails | 1 2 3 4 5 6 |  6.4
Polearms       | 1 2 3 4 5 6 |  6.4
Staves         | 1 2 3 4 5 6 |  6.4
Slings         | 1 2 3 4 5 6 |  6.4
Bows           | 1 2 3 4 5 6 |  6.4
Crossbows      | 1 2 3 4 5 6 |  6.4
Throwing       | 1 2 3 4 5 6 |  6.4
Stealth        | 1 2 3 4 5 6 |  6.4
Shields        | 1 2 3 4 5 6 |  6.4
Unarmed Combat | 1 2 3 4 5 6 |  6.4
Spellcasting   | 1 2 3 4 5 6 |  6.4
Evocations     | 1 2 3 4 5 6 |  6.4
Conjurations   | 1 2 3 4 5 |  5.3
Hexes          | 1 2 3 4 5 |  5.3
Summonings     | 1 2 3 4 5 |  5.3
Necromancy     | 1 2 3 4 5 |  5.3
Translocations | 1 2 3 4 5 |  5.3
Transmutations | 1 2 3 4 5 |  5.3
Fire Magic     | 1 2 3 4 5 |  5.3
Ice Magic      | 1 2 3 4 5 |  5.3
Air Magic      | 1 2 3 4 5 |  5.3
Earth Magic    | 1 2 3 4 5 |  5.3
Poison Magic   | 1 2 3 4 5 |  5.3
Dodging        | 3 4 5 6 7 |  7.0
Invocations    | 5 6 7 8 |  8.5
Axes           | 5 6 7 8 |  8.0
Armour         | 5 6 7 8 |  8.0
Fighting       | 7 8 9 |  9.3

Action                   |  1- 3 |  4- 6 |  7- 9 | 10-12 || total
-------------------------+-------+-------+-------+-------++-------
Melee: Hand axe          |   113 |    98 |    95 |       ||   306
       Bite              |    10 |     9 |    30 |    25 ||    74
       Quarterstaff      |       |       |   224 |   117 ||   341
       Punch             |       |       |     1 |       ||     1
       Battleaxe         |       |       |       |   148 ||   148
Throw: Dart              |       |       |       |     6 ||     6
Invok: Depart the Abyss  |     1 |       |       |       ||     1
       Banish            |       |       |     2 |       ||     2
Evoke: Wand              |       |       |     6 |       ||     6
  Use: Scroll            |     6 |     1 |     8 |     1 ||    16
       Potion            |       |     2 |     2 |     1 ||     5
 Stab: Petrifying        |       |       |     3 |       ||     3
       Sleeping          |       |       |     2 |     5 ||     7
       Petrified         |       |       |     2 |       ||     2
       Paralysed         |       |       |       |     1 ||     1
Armor: Leather armour    |    20 |       |       |       ||    20
       Scale mail        |    27 |    36 |   164 |   180 ||   407
Dodge: Dodged            |    98 |    45 |   241 |   257 ||   641

Table legend: (Time is in decaauts)
 A = Elapsed time spent in this place.
 B = Non-inter-level travel time spent in this place.
 C = Inter-level travel time spent in this place.
 D = Time resting spent in this place.
 E = Time spent auto-exploring this place.
 F = Levels seen in this place.
 G = Mean time per level.
                   A        B        C        D        E       F      G
               +--------+--------+--------+--------+--------+-----+--------+
         Total |  12390 |  12146 |    244 |   1628 |   8500 |  12 | 1032.5 |
       Dungeon |  11638 |  11394 |    244 |   1431 |   8111 |   9 | 1293.1 |
          Lair |    627 |    627 |      0 |    197 |    293 |   1 |  627.0 |
         Abyss |    124 |    124 |      0 |      0 |     96 |   2 |   62.0 |
               +--------+--------+--------+--------+--------+-----+--------+

Top non-repeatable levels by time:
     D:3: 2176 daAuts
     D:7: 1721 daAuts
     D:9: 1651 daAuts
     D:6: 1347 daAuts
     D:4: 1298 daAuts
     D:5: 1206 daAuts
     D:2: 809 daAuts
     D:8: 801 daAuts
  Lair:1: 627 daAuts
     D:1: 625 daAuts
 Abyss:1: 87 daAuts
 Abyss:2: 37 daAuts
